 Dungeon Crawl Stone Soup version 0.28-a0-1128-gb845255321 (webtiles) character file.

Game seed: 6522430605009767725

124 Peloso the Shield-Bearer (level 4, 0/41 HPs)
             Began as a Minotaur Fighter on Dec 12, 2021.
             Slain by an orc (2 damage)
             ... on level 3 of the Dungeon.
             The game lasted 00:02:51 (1897 turns).

Peloso the Shield-Bearer (Minotaur Fighter)         Turns: 1897, Time: 00:02:52

Health: 0/41       AC:  7    Str: 21    XL:     4   Next: 81%
Magic:  3/3        EV: 10    Int:  5    God:
Gold:   63         SH:  5    Dex: 11    Spells: 3/3 levels left

rFire   . . .      SeeInvis .   a - +0 long sword
rCold   . . .      Faith    .   c - +0 buckler
rNeg    . . .      Spirit   .   b - +0 scale mail
rPois   .          Reflect  .   (helmet restricted)
rElec   .          Harm     .   (no cloak)
rCorr   .          Rampage  .   (no gloves)
Will    .....                   (no boots)
Stlth   ..........              (no amulet)
HPRegen 0.13/turn               (no ring)
MPRegen 0.08/turn               (no ring)

@: no status effects
A: horns 2, retaliatory headbutt
a: no special abilities


You were on level 3 of the Dungeon.
You visited 1 branch of the dungeon, and saw 3 of its levels.

You collected 112 gold pieces.
You spent 49 gold pieces at shops.

Inventory:

Hand Weapons
 a - a +0 long sword (weapon)
Armour
 b - a +0 scale mail (worn)
 c - a +0 buckler (worn)
Wands
 g - a wand of digging (3)
Scrolls
 e - 3 scrolls of identify
 f - a scroll of magic mapping
 h - a scroll of enchant weapon {unknown}
 j - a scroll of acquirement {unknown}
 k - a scroll of immolation {unknown}
 l - a scroll of enchant armour {unknown}
 o - a scroll of teleportation {unknown}
Potions
 d - a potion of might
 i - 2 potions of attraction {unknown}
 m - a potion of magic {unknown}
 n - a potion of berserk rage {unknown}


   Skills:
 + Level 4.5 Fighting
 + Level 3.4 Long Blades
 + Level 4.5 Armour
 + Level 1.0 Dodging
 + Level 4.6 Shields


You had 3 spell levels left.
You didn't know any spells.
Your spell library was empty.

Dungeon Overview and Level Annotations

Branches:
Dungeon (3/15)

Altars:
Sif Muna

Shops:
D:2 *


Innate Abilities, Weirdness & Mutations

You have a pair of horns on your head.
You reflexively headbutt those who attack you in melee.


Message History

You kill the goblin!
The orc hits you from afar with a +0 trident.
Your Dodging skill increases to level 1!
You hit the orc. You headbutt the orc.
You kill the orc!
You block the orc's attack.
The orc throws a boomerang of dispersal.
The boomerang of dispersal hits you.
You blink.
The dart slug launches a dart at you. The slug dart misses you.
The dart slug launches a dart at you.
The slug dart hits you but does no damage.
The orc hits you with a +0 trident. You block the orc's attack.
You closely miss the orc. Your headbutt misses the orc.
The orc barely misses you. You block the orc's attack. x2
You closely miss the orc. Your headbutt misses the orc.
The orc hits you with a +0 dagger. The orc closely misses you.
The orc hits you but does no damage.
You closely miss the orc. Your headbutt misses the orc.
The orc completely misses you. The orc hits you but does no damage.
You completely miss the orc. The orc hits you with a +0 trident.
The orc hits you with a +0 dagger.
* * * LOW HITPOINT WARNING * * *
You hit the orc. Your headbutt misses the orc.
The orc is severely wounded.
The orc misses you. The orc hits you but does no damage.
The orc hits you with a +0 trident.
* * * LOW HITPOINT WARNING * * *
You hit the orc.
You kill the orc!
You block the orc's attack. You block the dart slug's attack.
The orc hits you with a +0 dagger.
* * * LOW HITPOINT WARNING * * *
The dart slug bites you but does no damage.
You block the orc's attack.
You see here a +0 trident.
The dart slug misses you. The orc hits you with a +0 dagger.
* * * LOW HITPOINT WARNING * * *
You barely miss the orc. The orc hits you with a +0 dagger.
You die...

.# #..#...............#.....
...##..#....########...#.....
............# #...###...
....#.......########...# #...
.......................# #...
.......................###...
...............#####...#.....
....#..#...o)w....##...#.....
............@.........>#.....
..[.#..#..#)#####.#..........
....#..#..#.# #.#....#.....
... #..#..### #....#..... ..
.....?# #....##.### .. ....#
#....##.# ..#... ....... .#
...##. #####... [# #.. .#


You could see a dart slug and an orc.

Vanquished Creatures
  Robin (D:2)
  7 adders (D:2)
  A worm (D:2)
  3 orcs (D:3)
  2 ball pythons
  A bat (D:2)
  An endoplasm (D:1)
  15 goblins
  7 hobgoblins
  2 jackals (D:1)
  A frilled lizard (D:2)
  2 kobolds
  2 rats
45 creatures vanquished.

Notes
Turn   | Place    | Note
-------+----------+-------------------------------------------
     0 | D:1      | Peloso the Minotaur Fighter began the quest for the Orb.
     0 | D:1      | Reached XP level 1. HP: 19/19 MP: 0/0
   300 | D:1      | Reached XP level 2. HP: 27/27 MP: 1/1
   545 | D:2      | Found Fiteyk's General Store.
   548 | D:2      | Bought a scroll of magic mapping for 49 gold pieces
   603 | D:2      | Noticed Robin
   636 | D:2      | Killed Robin
   637 | D:2      | Reached XP level 3. HP: 29/33 MP: 2/2
   775 | D:2      | Found a faded altar of an unknown god.
   798 | D:2      | Found a shimmering blue altar of Sif Muna.
  1021 | D:2      | Reached XP level 4. HP: 36/41 MP: 3/3
  1886 | D:3      | Reached skill level 1 in Dodging
  1896 | D:3      | HP: 1/41 [orc (4)]
  1897 | D:3      | Slain by an orc

Illustrated notes

Levels and vault maps discovered:
D:1:      dpeg_arrival_leaves_temple_mockup, layout_rooms
D:2:      layout_loops_corners, serial_shops, nicolae_shop_behind_doors,
          basic_altar, basic_ecumenical_altar, grunt_decor_cap, uniq_robin
D:3:      layout_basic, mainiacjoe_overflow_alcove_3,
          nicolae_overflow_hidden_temple, uniq_terence

Skill      XL: |  1  2  3  4 |
---------------+-------------+-----
Armour         | 4 |  4.5
Shields        | 4 |  4.6
Fighting       | 4 |  4.5
Long Blades    | 3 |  3.4
Dodging        | 1 |  1.0

Action                   |  1- 3 |  4- 6 || total
-------------------------+-------+-------++-------
Melee: Long sword        |    66 |    40 ||   106
       Headbutt          |    10 |     5 ||    15
  Use: Scroll            |     1 |       ||     1
Armor: Scale mail        |    33 |    21 ||    54
Dodge: Dodged            |    35 |    24 ||    59
Block: Buckler           |    17 |    17 ||    34

Table legend: (Time is in decaauts)
 A = Elapsed time spent in this place.
 B = Non-inter-level travel time spent in this place.
 C = Inter-level travel time spent in this place.
 D = Time resting spent in this place.
 E = Time spent auto-exploring this place.
 F = Levels seen in this place.
 G = Mean time per level.
                   A        B        C        D        E       F      G
               +--------+--------+--------+--------+--------+-----+--------+
         Total |   1923 |   1876 |     47 |      0 |   1554 |   3 |  641.0 |
       Dungeon |   1923 |   1876 |     47 |      0 |   1554 |   3 |  641.0 |
               +--------+--------+--------+--------+--------+-----+--------+

Top non-repeatable levels by time:
     D:2: 1315 daAuts
     D:1: 521 daAuts
     D:3: 87 daAuts
